 Dungeon Crawl Stone Soup version 0.29-a0-648-g6b26cc9f40 (webtiles) character file.

Game seed: 13166225298565407410

150 frimble the Sneak (level 5, -3/34 HPs)
             Began as an Octopode Warper on June 21, 2022.
             Slain by Joseph
             ... wielding a +1 spectral quarterstaff
              (17 damage)
             ... on level 7 of the Dungeon.
             The game lasted 00:03:31 (3095 turns).

frimble the Sneak (Octopode Warper)                 Turns: 3095, Time: 00:03:32

Health: -3/34      AC:  1    Str: 10    XL:     5   Next: 32%
Magic:  8/8        EV: 14    Int: 15    God:
Gold:   170        SH:  0    Dex: 14    Spells: 6/8 levels left

rFire   . . .      SeeInvis .   a - +0 falchion
rCold   . . .      Faith    .   (no shield)
rNeg    . . .      Spirit   .   (helmet restricted)
rPois   .          Reflect  .   (no amulet)
rElec   .          Harm     .   (no ring)
rCorr   .          Rampage  .   (no ring)
Will    .....                   (no ring)
Stlth   ++++......              (no ring)
HPRegen 0.11/turn               (no ring)
MPRegen 0.11/turn               (no ring)
                                (no ring)
                                (no ring)

@: mighty, flying
A: almost no armour, amphibious, 8 rings, camouflage 1, gelatinous body 1,
(nimble swimmer 1), tentacles
a: no special abilities


You were on level 7 of the Dungeon.
You visited 1 branch of the dungeon, and saw 5 of its levels.

You collected 170 gold pieces.

Inventory:

Hand Weapons
 a - a +0 falchion (weapon)
 e - a +3 great sword
Missiles
 c - 7 boomerangs of dispersal
 i - 5 poisoned darts (quivered)
 j - 4 boomerangs
Scrolls
 b - a scroll of blinking
 d - a scroll of vulnerability
Potions
 g - a potion of flight


   Skills:
 - Level 2.0 Fighting
 + Level 3.6 Long Blades
 - Level 1.0 Throwing
 + Level 3.3 Dodging
 + Level 4.1 Stealth
 - Level 2.0 Spellcasting
 - Level 3.0 Translocations


You had 6 spell levels left.
You knew the following spells:

 Your Spells              Type           Power      Damage    Failure   Level
a - Blink                 Tloc           20%        N/A       10%         2

Your spell library contained the following spells:

 Spells                   Type           Power      Damage    Failure   Level
 Gell's Gravitas          Tloc           10%        N/A       19%         3
 Lesser Beckoning         Tloc           10%        N/A       19%         3
 Teleport Other           Tloc           10%        N/A       19%         3
 Beastly Appendage        Tmut           2%         N/A       22%         1
 Slow                     Hex            4%         N/A       22%         1
 Wereblood                Tmut           1%         N/A       32%         2
 Portal Projectile        Hex/Tloc       12%        N/A       34%         3
 Confusing Touch          Hex            1%         N/A       54%         3
 Spider Form              Tmut/Pois      1%         N/A       54%         3
 Tukima's Dance           Hex            1%         N/A       54%         3
 Vampiric Draining        Necr           1%         2d6       54%         3
 Manifold Assault         Tloc           10%        N/A       87%         5
 Blade Hands              Tmut           0%         N/A       99%         5


Dungeon Overview and Level Annotations

Branches:
Dungeon (4/15)
 Temple: D:4-7

Altars:
Dithmenos
Qazlal
Wu Jian

Shops:
D:1 [

Annotations:
D:1 diggie
D:4 diggie, Edmund, Robin
D:7 Joseph


Innate Abilities, Weirdness & Mutations

You cannot wear most types of armour.
You are amphibious.
You can wear up to eight rings at the same time.
Your skin changes colour to match your surroundings (Stealth+).
Your rubbery body absorbs attacks. (AC +1, EV +1)
((You are camouflaged when in or above water. (Stealth+)))
You have tentacles for arms and can constrict up to eight enemies at once.


Message History

You constrict the wight, but do no damage.
The wight barely misses you.
You hit the wight.
The wight is heavily damaged.
You constrict the wight. The wight closely misses you.
You slash the wight!
You destroy the wight!
Your Stealth skill increases to level 4!
You have reached level 5!
You feel agile.
Things that are here:
a +3 great sword; a +0 robe
e - a +3 great sword Unknown command.
It was a potion of flight.
You feel very buoyant.
You fly up into the air.
It was a potion of curing.
You feel better.
Unknown command.
Okay, then.
Joseph says, "It's nothing personal, but I have to kill you."
Joseph unwields a +1 spectral quarterstaff.
Joseph wields a +0 hunting sling.
Joseph shoots a sling bullet.
The sling bullet hits you!
You see here a +0 robe.
Joseph says, "Now you've reached the end of your journey."
Joseph unwields a +0 hunting sling.
Joseph wields a +1 spectral quarterstaff.
Joseph barely misses you.
You see here a +0 robe.
You slash Joseph! You grab Joseph.
Joseph is lightly wounded.
You constrict Joseph.
Joseph hits you with a +1 spectral quarterstaff.
You barely miss Joseph. You squeeze Joseph!
Joseph is heavily wounded.
You constrict Joseph, but do no damage.
Joseph hits you with a +1 spectral quarterstaff!
Ouch! That really hurt!
You die...

......
.##
Y.....
..#
.....##.#
#......#
#......#
#......#
#......#
#......##
#.....@.#
####.##@#
#. #.# #.
#.# #.
...
....#..
.8@. ..#
P(.. ...
.PP#.
#.##


You could see Joseph.

Vanquished Creatures
  A wight (D:7)
  An iguana (D:3)
  A howler monkey zombie (D:7)
  An ufetubus (D:4)
  2 worms
  A dart slug (D:4)
  3 orcs
  3 endoplasms
  A giant cockroach (D:2)
  6 goblins
  3 hobgoblins
  3 kobolds
  5 ball pythons
  6 bats
  2 frilled lizards (D:1)
  4 rats
43 creatures vanquished.

Notes
Turn   | Place    | Note
-------+----------+-------------------------------------------
     0 | D:1      | frimble the Octopode Warper began the quest for the Orb.
     0 | D:1      | Reached XP level 1. HP: 14/14 MP: 3/3
    39 | D:1      | Found Lokury's Armour Shoppe.
    77 | D:1      | Reached skill level 1 in Stealth
   563 | D:1      | Reached XP level 2. HP: 19/19 MP: 5/5
  1141 | D:1      | Learned a level 2 spell: Blink
  1200 | D:2      | Found an ornate altar of the Wu Jian Council.
  1220 | D:2      | Reached skill level 2 in Stealth
  1369 | D:2      | Reached XP level 3. HP: 16/24 MP: 6/6
  1719 | D:3      | Reached skill level 3 in Stealth
  2045 | D:3      | Reached XP level 4. HP: 29/29 MP: 7/7
  2165 | D:3      | Found a stormy altar of Qazlal.
  2209 | D:3      | Found a shadowy altar of Dithmenos.
  2775 | D:4      | Identified the +5 dagger "Immis" {chaos, Fly Will+}
  2827 | D:4      | Noticed Edmund
  3057 | D:4      | Noticed Robin
  3057 | D:4      | You fall into a shaft and drop 3 floors!
  3064 | D:7      | Noticed a sky beast
  3069 | D:7      | Noticed Joseph
  3083 | D:7      | Reached skill level 4 in Stealth
  3083 | D:7      | Reached XP level 5. HP: 24/34 MP: 8/8
  3095 | D:7      | Slain by Joseph

Illustrated notes

Levels and vault maps discovered:
D:1:      dpeg_arrival_pits, layout_basic, serial_shops,
          nicolae_shop_temple_entry_statues_fountains, columned_hall_lemuel,
          ebering_dispersal_statue_hall, due_unseen_surprise
D:2:      layout_rooms, serial_glass, glass_columns_c, glass_columns_c,
          basic_altar
D:3:      layout_loops_ring, grunt_dithmenos_smoke, grunt_qazlal_clouds
D:4:      layout_loops_ring, minmay_surrounded, uniq_edmund, uniq_robin
D:7:      layout_basic, lemuel_crystal_altar, serial_undead, serial_undead_d,
          serial_undead_f, serial_undead_a, serial_undead_d, serial_undead_e,
          serial_undead_e, uniq_joseph, uniq_maggie

Skill      XL: |  1  2  3  4 |
---------------+-------------+-----
Stealth        | 1 2 3 4 |  4.1
Long Blades    | 3 |  3.6
Dodging        | 3 |  3.3
Fighting       | |  2.0
Throwing       | |  1.0
Spellcasting   | |  2.0
Translocations | |  3.0

Action                   |  1- 3 |  4- 6 || total
-------------------------+-------+-------++-------
Melee: Falchion          |    46 |    38 ||    84
       Constrict         |    14 |     7 ||    21
       Tentacles         |    10 |     5 ||    15
       Punch             |     1 |       ||     1
Throw: Dart              |     3 |       ||     3
  Use: Scroll            |     3 |     4 ||     7
       Potion            |       |     3 ||     3
 Stab: Sleeping          |     9 |     6 ||    15
Armor: Skin              |     3 |       ||     3
Dodge: Dodged            |    22 |    25 ||    47

Table legend: (Time is in decaauts)
 A = Elapsed time spent in this place.
 B = Non-inter-level travel time spent in this place.
 C = Inter-level travel time spent in this place.
 D = Time resting spent in this place.
 E = Time spent auto-exploring this place.
 F = Levels seen in this place.
 G = Mean time per level.
                   A        B        C        D        E       F      G
               +--------+--------+--------+--------+--------+-----+--------+
         Total |   3108 |   2989 |    119 |      0 |   2566 |   5 |  621.6 |
       Dungeon |   3108 |   2989 |    119 |      0 |   2566 |   5 |  621.6 |
               +--------+--------+--------+--------+--------+-----+--------+

Top non-repeatable levels by time:
     D:1: 1164 daAuts
     D:3: 1016 daAuts
     D:2: 563 daAuts
     D:4: 324 daAuts
     D:7: 39 daAuts
